 Dungeon Sprint DCSS version 0.18-b1-16-g289874d (webtiles) character file.

2564 Kidiri the Protected (level 9, -2/90 HPs)
             Began as a Minotaur Fighter on May 1, 2016.
             Was a Priest of Okawaru.
             Slain by a catoblepas (9 damage)
             ... in the Dungeon (Sprint IX: "|||||||||||||||||||||||||||||").
             The game lasted 00:02:49 (810 turns).

Kidiri the Protected (Minotaur Fighter)              Turns: 810, Time: 00:02:50

Health: -2/90      AC: 14    Str: 23    XL:     9   Next: 31%
Magic:  12/12      EV:  2    Int:  5    God:    Okawaru [***...]
Gold:   0          SH:  0    Dex: 14    Spells: 0 memorised, 8 levels left

rFire  . . .     SeeInvis .     a - +4 morningstar (holy)
rCold  . . .     Gourm    .     b - +2 ring mail
rNeg   + + +     Faith    .     c - +0 shield
rPois  ∞         Spirit   .     (helmet restricted)
rElec  .         Dismiss  .     q - +0 cloak
rCorr  .         Reflect  .     (no gloves)
SustAt .         Harm     .     p - +0 pair of boots
MR     .....     NoTele   +     (no amulet)
Stlth  +.........               s - +3 ring of dexterity
                                r - +2 ring of protection

@: petrified, not resistant to hostile enchantments, very unstealthy
A: retaliatory headbutt, horns 2
a: Heroism, Renounce Religion


You were in the Dungeon.
You worshipped Okawaru.
Okawaru was most pleased with you.
You were not hungry.

You visited 1 branch

Inventory:

Hand Weapons
 a - a +4 morningstar of holy wrath (weapon)
Armour
 b - a +2 ring mail (worn)
 c - a +0 shield (worn)
 p - a +0 pair of boots (worn)
 q - a +0 cloak (worn)
Jewellery
 r - a +2 ring of protection (left hand)
 s - a +3 ring of dexterity (right hand)
Wands
 o - a wand of iceblast (7/15)
Scrolls
 k - 5 scrolls of blinking
 m - 3 scrolls of remove curse
 n - 2 scrolls of amnesia
 w - 2 scrolls of recharging
 x - a scroll of fog
Potions
 d - 2 potions of cure mutation
 e - 6 potions of curing
 g - a potion of invisibility
 h - a potion of haste
 i - 4 potions of magic
 j - 2 potions of heal wounds
 t - a potion of might
 u - a potion of flight
Comestibles
 f - a bread ration
 l - 11 chunks of flesh
 v - a meat ration


   Skills:
 * Level 11.9 Fighting
 * Level 11.6 Maces & Flails
 * Level 12.0 Armour
 + Level 7.4 Dodging
 - Level 2.5 Stealth
 * Level 12.0 Shields
 + Level 5.7 Invocations


You had 8 spell levels left.
You didn't know any spells.

Dungeon Overview and Level Annotations

Branches:
Dungeon (1/1)

Altars:
Cheibriados
Dithmenos
Elyvilon
Fedhas
Gozag
Kikubaaqudgha
Makhleb
Nemelex Xobeh
Okawaru
Pakellas
Qazlal
Ru
Sif Muna
Trog
Vehumet
Xom
Yredelemnul
Zin
The Shining One
Beogh
Jiyva
Lugonu


Innate Abilities, Weirdness & Mutations

You reflexively headbutt those who attack you in melee.
You have a pair of horns on your head.


Message History

You puncture the catoblepas!
The catoblepas is almost dead.
You are engulfed in calcifying dust.
You are slowing down.
The catoblepas breathes a plume of calcifying dust at you.
The blast of calcifying dust hits you!
Unknown command.
You hit the catoblepas. You headbutt the catoblepas.
The catoblepas is almost dead.
You are engulfed in calcifying dust.
Your limbs have turned to stone.
The porcupine twitches its whiskers.
The catoblepas gores you but does no damage.
You have turned to stone.
You are engulfed in calcifying dust.
The catoblepas gores you.
You are engulfed in calcifying dust.
The catoblepas gores you but does no damage.
You are engulfed in calcifying dust.
The catoblepas gores you!!
* * * LOW HITPOINT WARNING * * *
You are engulfed in calcifying dust.
The catoblepas gores you!!
You die...

▓_▓.▓.▓
▓_▓.▓.▓
▓_▓.▓.▓
▓_▓.▓.▓
▓_▓.▓.▓
▓_▓.▓.▓
▓_▓.▓§▓
▓_▓.▓§▓
▓_▓.▓@▓
▓_▓.▓Y▓
▓_▓.▓t▓
▓_▓.▓t▓
▓_▓.▓r▓
▓_▓.▓l▓
▓_▓.▓r▓
▓_▓.▓S▓
▓'▓.▓r▓


You could see a catoblepas, a water moccasin, 2 crocodiles, a wyvern and 2
porcupines.

Vanquished Creatures
  A hill giant (D)
  A komodo dragon (D)
  A yak (D)
  A mottled dragon (D)
  A water moccasin (D)
  2 porcupines (D)
  An ice beast (D)
  2 ogres (D)
  2 crocodiles (D)
  A giant frog (D)
  A scorpion (D)
  A killer bee (D)
  A crimson imp (D)
  2 iguanas (D)
  A worker ant (D)
  A sheep (D)
  A river rat (D)
  2 adders (D)
  A shadow imp (D)
  A dart slug (D)
  A bat skeleton (D)
  A goblin (D)
  A ball python (D)
  A bat (D)
  A kobold (D)
  2 rats (D)
32 creatures vanquished.

Vanquished Creatures (others)
  An unseen horror (D)
1 creature vanquished.

Grand Total: 33 creatures vanquished

Notes
Turn   | Place    | Note
--------------------------------------------------------------
     0 | D        | Kidiri the Minotaur Fighter began the quest for the Orb.
     0 | D        | Reached XP level 1. HP: 19/19 MP: 0/0
    14 | D        | Reached skill level 1 in Dodging
    82 | D        | Noticed an ice beast
    82 | D        | Noticed a crimson imp
    93 | D        | Killed an ice beast
    93 | D        | Reached skill level 5 in Fighting
    93 | D        | Reached skill level 5 in Maces & Flails
    93 | D        | Reached skill level 5 in Armour
    93 | D        | Reached XP level 2. HP: 12/30 MP: 1/1
    93 | D        | Reached XP level 3. HP: 14/37 MP: 2/2
    93 | D        | Reached XP level 4. HP: 17/44 MP: 3/3
   112 | D        | Reached XP level 5. HP: 51/51 MP: 4/4
   121 | D        | Found a glowing silver altar of Zin.
   121 | D        | Found a glowing golden altar of the Shining One.
   121 | D        | Found an ancient bone altar of Kikubaaqudgha.
   121 | D        | Found a basalt altar of Yredelemnul.
   121 | D        | Found a shimmering altar of Xom.
   121 | D        | Found a radiant altar of Vehumet.
   122 | D        | Found an iron altar of Okawaru.
   123 | D        | Found a burning altar of Makhleb.
   124 | D        | Found a deep blue altar of Sif Muna.
   125 | D        | Found a bloodstained altar of Trog.
   126 | D        | Found a sparkling altar of Nemelex Xobeh.
   127 | D        | Found a white marble altar of Elyvilon.
   128 | D        | Found a roughly hewn altar of Beogh.
   129 | D        | Found a viscous altar of Jiyva.
   130 | D        | Became a worshipper of Warmaster Okawaru
   131 | D        | Found a corrupted altar of Lugonu.
   132 | D        | Found a blossoming altar of Fedhas.
   133 | D        | Found a snail-covered altar of Cheibriados.
   134 | D        | Found a shadowy altar of Dithmenos.
   135 | D        | Found a stormy altar of Qazlal.
   136 | D        | Found an opulent altar of Gozag.
   137 | D        | Found a sacrificial altar of Ru.
   138 | D        | Found an oddly glowing altar of Pakellas.
   211 | D        | Noticed an ogre
   217 | D        | Killed an ogre
   217 | D        | Reached skill level 1 in Invocations
   218 | D        | Reached XP level 6. HP: 38/60 MP: 4/6
   334 | D        | Noticed a hill giant
   334 | D        | Noticed a mottled dragon
   336 | D        | Reached * piety under Okawaru
   342 | D        | Killed a hill giant
   342 | D        | Reached ** piety under Okawaru
   342 | D        | Reached skill level 10 in Fighting
   342 | D        | Reached skill level 10 in Armour
   342 | D        | Reached skill level 5 in Dodging
   342 | D        | Reached skill level 10 in Shields
   342 | D        | Reached XP level 7. HP: 55/72 MP: 4/9
   352 | D        | Killed an unseen horror
   352 | D        | Reached skill level 10 in Maces & Flails
   352 | D        | Reached XP level 8. HP: 57/81 MP: 5/10
   358 | D        | Reached skill level 5 in Invocations
   570 | D        | Noticed a komodo dragon
   579 | D        | Reached *** piety under Okawaru
   579 | D        | Reached XP level 9. HP: 89/89 MP: 8/11
   589 | D        | Killed a komodo dragon
   723 | D        | Noticed a catoblepas
   810 | D        | Slain by a catoblepas

Skill      XL: |  1  2  3  4  5  6  7  8  9 |
---------------+----------------------------+-----
Maces & Flails | 5 7 9 10 11 | 11.6
Shields        | 6 7 10 11 12 | 12.0
Dodging        | 2 3 4 5 6 7 |  7.4
Fighting       | 5 6 7 10 11 | 11.9
Armour         | 5 6 7 10 11 12 | 12.0
Stealth        | 2 |  2.5
Invocations    | 1 4 5 |  5.7

Action                   |  1- 3 |  4- 6 |  7- 9 || total
-------------------------+-------+-------+-------++-------
Melee: Flail             |    20 |    14 |       ||    34
       Headbutt          |     3 |     6 |    17 ||    26
       Morningstar       |       |    14 |    51 ||    65
Invok: Heroism           |       |     1 |     3 ||     4
  Use: Potion            |     1 |     2 |     2 ||     5
       Scroll            |       |       |     2 ||     2
  Eat: Chunk             |       |       |     1 ||     1
Armor: Scale mail        |     9 |     4 |       ||    13
       Ring mail         |       |     2 |    29 ||    31
Dodge: Dodged            |     2 |    11 |    12 ||    25
Block: Shield            |     6 |    17 |    18 ||    41
